 Dungeon Crawl Stone Soup version 0.30-a0-6-g7c9e10e132 (webtiles) character file.

Game seed: 4127456322321062912

949 Sweeb the Twirler (level 7, -2/55 HPs)
             Began as a Mummy Gladiator on Aug 22, 2022.
             Was a Follower of Okawaru.
             Slain by a water moccasin (8 damage)
             ... on level 5 of the Dungeon.
             The game lasted 00:08:26 (6392 turns).

Sweeb the Twirler (Mummy Gladiator)                 Turns: 6392, Time: 00:08:26

Health: -2/55      AC:  6    Str: 17    XL:     7   Next: 89%
Magic:  6/8        EV: 15    Int:  8    God:    Okawaru [*.....]
Gold:   371        SH:  0    Dex: 15    Spells: 6/6 levels left

rFire   x . .      SeeInvis .    a - +2 quarterstaff
rCold   + . .      Faith    +    (shield currently unavailable)
rNeg    + + +      Spirit   .    b - +0 leather armour
rPois   ∞          Reflect  .    c - +0 helmet
rElec   .          Harm     .    (no cloak)
rCorr   .          Rampage  .    j - +0 pair of gloves
Will    .....                    (no boots)
Stlth   ++++......               i - amulet of faith
HPRegen 0.18/turn                (no ring)
MPRegen 0.11/turn                (no ring)

@: heroic
A: cold resistance 1, negative energy resistance 3, torment resistance 2, heat
vulnerability 1, in touch with death 1, no potions
a: Renounce Religion, Heroism


You were on level 5 of the Dungeon.
You worshipped Okawaru.
Okawaru was aware of your devotion.
You visited 2 branches of the dungeon, and saw 7 of its levels.

You collected 371 gold pieces.

Inventory:

Hand Weapons
 a - a +2 quarterstaff (weapon)
Missiles
 d - 3 throwing nets (quivered)
 e - a javelin
 m - 2 silver javelins
Armour
 b - a +0 leather armour (worn)
 c - a +0 helmet (worn)
 j - a +0 pair of gloves (worn)
Jewellery
 i - an amulet of faith (around neck)
 o - a ring of flight
Scrolls
 f - 2 scrolls of identify
 g - a scroll of torment
 h - 2 scrolls of butterflies
 k - 2 scrolls of enchant armour
 l - 2 scrolls of teleportation
 n - a scroll of poison


   Skills:
 + Level 4.6(9.6) Fighting
 * Level 5.7(10.7) Staves
 - Level 1.5(6.5) Throwing
 - Level 2.4(7.4) Dodging
 + Level 3.6(8.6) Stealth
 + Level 2.1 Invocations


You had 6 spell levels left.
You didn't know any spells.
Your spell library contained the following spells:

 Spells                   Type           Power      Damage    Failure   Level
 Foxfire                  Conj/Fire      0%         2x1d4     45%         1
 Conjure Flame            Conj/Fire      0%         6-21      83%         3
 Inner Flame              Hex/Fire       0%         N/A       83%         3
 Flame Wave               Conj/Fire      0%         2d4       99%         4


Dungeon Overview and Level Annotations

Branches:
Dungeon (6/15)             Temple (1/1) D:5

Altars:
Cheibriados
Gozag
Hepliaklqana
Kikubaaqudgha
Makhleb
Nemelex Xobeh
Okawaru
Qazlal
Ru
Sif Muna
Vehumet
Wu Jian
Xom
Yredelemnul

Shops:
D:1 (


Innate Abilities, Weirdness & Mutations

You are immune to poison.
Your flesh is cold resistant. (rC+)
You are immune to negative energy. (rN+++)
You are immune to unholy pain and torment.
You are vulnerable to heat. (rF-)
You are in touch with the powers of death.
You do not drink.


Message History

The water moccasin closely misses you.
There is a stone staircase leading up here.
The water moccasin misses you. Something barely misses you.
The water moccasin bites you.
You climb upwards.
Reactivating autopickup.
There is a stone staircase leading down here.
The water moccasin attacks as you move away!
The water moccasin bites you but does no damage.
Something hits you but does no damage.
Deactivating autopickup; reactivate with Ctrl-A.
The water moccasin bites you but does no damage.
There is an open door here.
Something hits you. Something shocks you.
* * * LOW HITPOINT WARNING * * *
The water moccasin bites you but does no damage.
The water moccasin bites you.
* * * LOW HITPOINT WARNING * * *
The water moccasin attacks as you move away!
The water moccasin bites you!
* * * LOW HITPOINT WARNING * * *
You closely miss the water moccasin. The water moccasin misses you.
You miss the water moccasin.
The water moccasin barely misses you. x2
You sock the water moccasin!
The water moccasin is moderately wounded.
The water moccasin barely misses you.
You gain the combat prowess of a mighty hero.
The water moccasin bites you.
* * * LOW HITPOINT WARNING * * *
The water moccasin misses you.
You closely miss the water moccasin.
The water moccasin is moderately wounded.
The water moccasin bites you but does no damage.
You hit the water moccasin but do no damage.
The water moccasin is moderately wounded.
The water moccasin bites you but does no damage.
You hit the water moccasin.
The water moccasin is heavily wounded.
The water moccasin bites you!
You die...

#....# #..........#...
#....# #..........#...
#....# #..........#...
#....######'#####+###...
####.....#..............
#.......#..............
#.......#[.............
#.......#........!.....
#..###@##....)†........
######S#....<.#)#######
#..{#......#...#..#.
#...#......#...#..#.
#...#......#...#..#.
#...'......#...#..#.
##...#..>...#...#..#.
#....#......#..##'###
##############'##..##


You could see a water moccasin.

Vanquished Creatures
  2 ice beasts
  A centaur (D:5)
  A phantom (D:5)
  2 necrophages
  4 scorpions
  An orc priest (D:5)
  2 hounds
  An iguana (D:3)
  3 adders
  3 gnolls (D:4)
  4 worms
  3 orcs
  A ball python (D:2)
  2 endoplasms (D:2)
  5 giant cockroaches
  4 goblins
  10 hobgoblins
  10 quokkas
  4 bats
  4 frilled lizards
  6 kobolds
  10 rats
83 creatures vanquished.

Notes
Turn   | Place    | Note
-------+----------+-------------------------------------------
     0 | D:1      | Sweeb the Mummy Gladiator began the quest for the Orb.
     0 | D:1      | Reached XP level 1. HP: 16/16 MP: 1/1
    46 | D:1      | Found a faded altar of an unknown god.
   452 | D:1      | Reached XP level 2. HP: 22/22 MP: 2/2
   729 | D:1      | Found Meos's Weapon Boutique.
  1070 | D:2      | Reached skill level 1 in Stealth
  1073 | D:2      | Reached skill level 3 in Staves
  1459 | D:2      | Gained mutation: You are in touch with the powers of death.
                  | [Mummy growth]
  1459 | D:2      | Reached XP level 3. HP: 28/28 MP: 3/3
  2719 | D:3      | Reached XP level 4. HP: 20/34 MP: 4/4
  3466 | D:4      | Noticed a scorpion
  3513 | D:5      | Entered Level 5 of the Dungeon
  3614 | D:5      | Noticed a centaur
  3622 | D:5      | Killed a centaur
  3623 | D:5      | Reached skill level 4 in Staves
  3623 | D:5      | Reached XP level 5. HP: 18/41 MP: 5/5
  4047 | D:5      | Noticed a phantom
  4056 | D:5      | Killed a phantom
  4057 | D:5      | Reached XP level 6. HP: 47/47 MP: 6/6
  4513 | D:5      | Found a staircase to the Ecumenical Temple.
  4543 | D:5      | Found a hazy altar of Hepliaklqana.
  4556 | Temple   | Entered the Ecumenical Temple
  4589 | Temple   | Became a worshipper of Warmaster Okawaru
  4784 | D:5      | Reached XP level 7. HP: 50/54 MP: 7/7
  4910 | D:5      | Reached skill level 5 in Staves
  4910 | D:5      | Reached skill level 1 in Invocations
  5267 | D:4      | Reached * piety under Okawaru
  6392 | D:5      | Slain by a water moccasin

Illustrated notes

Levels and vault maps discovered:
D:1:      dreamdust_arrival_sigmund_warning, layout_basic, serial_shops,
          nicolae_shop_bloodbath_and_beyond, nicolae_ecumenical_lake_church
D:2:      layout_rooms, serial_co_window_serial, co_window_corner_a,
          co_window_paths_a, co_window_paths_a, co_window_cross_1,
          co_window_paths_a, co_window_corner_a, co_window_of_opportunity_a,
          co_window_paths_b, co_window_paths_a, co_window_corner_b,
          co_window_unsneaky_path_e, co_window_unsneaky_path_c,
          co_window_of_opportunity_b, co_window_broadway_a,
          co_window_unsneaky_path_e, glass_columns_a
D:3:      layout_rooms, st_stairs_5, kennysheep_flooded_box,
          hangedman_decor_points
D:4:      layout_loops_ring, portal_sewer_entry_f
D:5:      layout_gridville, mainiacjoe_overflow_alcove_4,
          minmay_temple_entry_junction
D:6:      kennysheep_windowed_halls, layout_cave_pods,
          mainiacjoe_overflow_cross_hatched, ebering_ghost_sewer_f
Temple:   nicolae_temple_ecumenical_triangle

Skill      XL: |  1  2  3  4  5  6  7 |
---------------+----------------------+-----
Stealth        | 1 2 3 |  3.6
Staves         | 3 4 5 |  5.7
Fighting       | 3 4 |  4.6
Invocations    | 2 |  2.1
Throwing       | |  1.5
Dodging        | |  2.4

Action                   |  1- 3 |  4- 6 |  7- 9 || total
-------------------------+-------+-------+-------++-------
Melee: Quarterstaff      |   141 |   100 |   116 ||   357
Invok: Heroism           |       |       |     1 ||     1
  Use: Scroll            |     8 |     3 |     1 ||    12
 Stab: Sleeping          |     1 |       |     2 ||     3
Armor: Leather armour    |    38 |    32 |    26 ||    96
Dodge: Dodged            |    83 |    56 |    82 ||   221

Table legend: (Time is in decaauts)
 A = Elapsed time spent in this place.
 B = Non-inter-level travel time spent in this place.
 C = Inter-level travel time spent in this place.
 D = Time resting spent in this place.
 E = Time spent auto-exploring this place.
 F = Levels seen in this place.
 G = Mean time per level.
                   A        B        C        D        E       F      G
               +--------+--------+--------+--------+--------+-----+--------+
         Total |   6432 |   6278 |    154 |   1565 |   3544 |   7 |  918.9 |
       Dungeon |   6381 |   6244 |    137 |   1565 |   3527 |   6 | 1063.5 |
        Temple |     50 |     33 |     17 |      0 |     17 |   1 |   50.0 |
               +--------+--------+--------+--------+--------+-----+--------+

Top non-repeatable levels by time:
     D:5: 2036 daAuts
     D:2: 1408 daAuts
     D:4: 1170 daAuts
     D:1: 910 daAuts
     D:3: 828 daAuts
  Temple: 50 daAuts
     D:6: 28 daAuts
